 Dungeon Crawl Stone Soup version 0.22.0-5-gf09313c (webtiles) character file.

12225 mopl the Basher (level 11, -3/95 HPs)
             Began as a Minotaur Berserker on Aug 13, 2018.
             Was a High Priest of Trog.
             Slain by a yak (7 damage)
             ... on level 10 of the Dungeon.
             The game lasted 00:15:19 (7866 turns).

mopl the Basher (Minotaur Berserker)                Turns: 7866, Time: 00:15:20

Health: -3/95      AC: 23    Str: 23    XL:     11   Next: 59%
Magic:  14/14      EV: 10    Int:  4    God:    Trog [*****.]
Gold:   631        SH:  0    Dex: 12    Spells: 10/10 levels left

rFire    . . .     SeeInvis .   a - +0 flail (protect)
rCold    . . .     Gourm    .   (no shield)
rNeg     . . .     Faith    .   x - +0 plate armour
rPois    +         Spirit   .   (helmet restricted)
rElec    .         Reflect  .   A - +0 cloak
rCorr    .         Harm     .   y - +0 pair of gloves
MR       .....                  (no boots)
Stlth    ..........             (no amulet)
HPRegen  0.25/turn              F - ring of poison resistance
MPRegen  0.14/turn              K - ring of attention (curse)

@: protection aura
A: retaliatory headbutt, horns 2
a: Berserk, Trog's Hand, Brothers in Arms, Renounce Religion


You were on level 10 of the Dungeon.
You worshipped Trog.
Trog was extremely pleased with you.
You were near starving.

You visited 1 branch of the dungeon, and saw 12 of its levels.

You collected 631 gold pieces.

Inventory:

Hand Weapons
 a - a +0 flail of protection (weapon)
 b - a +3 blowgun
Missiles
 g - 6 steel tomahawks (quivered)
 C - 3 curare-tipped needles
 J - 3 javelins of penetration
 M - 8 poisoned needles
Armour
 x - a +0 plate armour (worn)
 y - a +0 pair of gloves (worn)
 A - a +0 cloak (worn)
Jewellery
 F - a ring of poison resistance (left hand)
 K - a cursed ring of attention (right hand)
Wands
 w - a wand of iceblast (23)
 E - a wand of random effects (25)
 H - a wand of disintegration (12)
Scrolls
 e - 4 scrolls of enchant weapon {unknown}
 i - 3 scrolls of teleportation {unknown}
 j - 10 scrolls of identify {unknown}
 k - 2 scrolls of fear {unknown}
 m - 2 scrolls of noise {unknown}
 n - 2 scrolls of fog {unknown}
 p - a scroll of random uselessness {unknown}
 r - 5 scrolls of immolation {unknown}
 s - a scroll of amnesia {unknown}
 v - a scroll of enchant armour {unknown}
 B - a scroll of blinking {unknown}
 D - 5 scrolls of remove curse {unknown}
 L - a scroll of vulnerability {unknown}
 P - a scroll of magic mapping {unknown}
Potions
 d - 7 potions of might {unknown}
 f - a potion of cancellation {unknown}
 h - a potion of haste {unknown}
 l - a potion of berserk rage {unknown}
 o - a potion of invisibility {unknown}
 q - 4 potions of degeneration {unknown}
 t - 2 potions of flight {unknown}
 u - a potion of mutation {unknown}
 z - 4 potions of lignification {unknown}
 G - 3 potions of brilliance {unknown}
 I - 2 potions of heal wounds {unknown}
 N - 3 potions of curing {unknown}
Miscellaneous
 O - a phantom mirror
Comestibles
 c - 25 rations
 Q - 4 chunks of flesh


   Skills:
 + Level 8.7 Fighting
 * Level 14.0 Maces & Flails
 + Level 6.4 Throwing
 + Level 8.2 Armour
 + Level 7.4 Dodging
 + Level 5.5 Evocations


You had 10 spell levels left.
You didn't know any spells.
Your spell library was empty.

Dungeon Overview and Level Annotations

Branches:
Dungeon (12/15)            Temple (0/1) D:6            Lair (0/6) D:8
    Orc: D:9-12

Altars:
Dithmenos
Fedhas
Hepliaklqana
Kikubaaqudgha
Nemelex Xobeh
Trog
Uskayaw
Wu Jian
Yredelemnul

Annotations:
D:5 exclusion: oklob plant
D:11 Grum


Innate Abilities, Weirdness & Mutations

You reflexively headbutt those who attack you in melee.
You have a pair of horns on your head.


Message History

The yak closely misses you.
A soldier ant comes into view.
The soldier ant twitches its antennae in your direction.
The yak misses you. You furiously retaliate!
You headbutt the yak!
Found a hand axe.
There is an open door, spattered with blood here.
Things that are here:
a yak corpse x2
Butcher a yak corpse? [(y)es/(n)o/(a)ll/(q)uit/?]
You butcher the yak corpse.
The yak gores you.
You stop butchering the corpse.
* * * LOW HITPOINT WARNING * * *
The yak gores you but does no damage. The yak gores you!
* * * LOW HITPOINT WARNING * * *
The soldier ant closely misses you. You furiously retaliate!
You headbutt the soldier ant!
Q - 4 chunks of flesh The yak gores you!
* * * LOW HITPOINT WARNING * * *
The yak gores you but does no damage. The yak gores you!
You die...

########
#.....(#
#......#
#..>...#
#......#
#YYY...#
##@#####
#)...a.....#
############


You could see 3 yaks and a soldier ant.

Vanquished Creatures
  A hydra (D:9)
  A centaur warrior (D:9)
  2 two-headed ogres
  An unseen horror (D:11)
  Pikel (D:6)
  An ugly thing (D:11)
  A manticore (D:9)
  Maurice (D:8)
  A komodo dragon (D:9)
  A queen bee (D:9)
  Prince Ribbit (D:9)
  3 hippogriffs
  Sigmund (D:2)
  5 yaks
  Eustachio (D:6)
  Edmund (D:4)
  3 orc warriors
  2 hell hounds (D:8)
  2 ice beasts
  2 hornet zombies (D:9)
  A sky beast (D:8)
  2 black bears
  A necrophage (D:8)
  6 ogres
  A phantom (D:6)
  3 centaurs
  3 big kobolds
  5 bullfrogs
  7 scorpions
  13 killer bees (D:9)
  3 wights (D:8)
  A howler monkey (D:5)
  3 crimson imps
  2 bullfrog zombies
  2 jellies (D:7)
  A bullfrog skeleton (D:7)
  A centaur skeleton (D:9)
  3 hounds
  7 orc priests
  7 orc wizards
  Jessica (D:3)
  5 iguanas
  Terence (D:3)
  Natasha (thrice) (D:3)
  5 worker ants
  3 hound skeletons
  A worker ant zombie (D:6)
  18 gnolls
  13 adders
  3 shadow imps
  2 oozes
  2 dart slugs (D:1)
  4 leopard geckos
  24 orcs
  3 ball pythons
  5 giant cockroaches
  27 hobgoblins
  12 jackals
  3 quokkas
  5 bats
  5 frilled lizards
  31 goblins
  A jackal skeleton (D:4)
  9 kobolds
  A quokka zombie (D:5)
  3 rats
294 creatures vanquished.

Vanquished Creatures (others)
  2 jackals (D:6)
2 creatures vanquished.

Grand Total: 296 creatures vanquished

Notes
Turn   | Place    | Note
-------+----------+-------------------------------------------
     0 | D:1      | mopl the Minotaur Berserker began the quest for the Orb.
     0 | D:1      | Reached XP level 1. HP: 19/19 MP: 0/0
   159 | D:1      | Reached skill level 4 in Maces & Flails
   217 | D:1      | Reached XP level 2. HP: 13/26 MP: 1/1
   504 | D:1      | Reached skill level 5 in Maces & Flails
   518 | D:1      | Reached XP level 3. HP: 31/31 MP: 2/2
   637 | D:2      | Reached ** piety under Trog
   681 | D:2      | Reached skill level 6 in Maces & Flails
   681 | D:2      | Reached XP level 4. HP: 39/39 MP: 3/3
   840 | D:2      | Noticed Sigmund
   846 | D:2      | Killed Sigmund
   846 | D:2      | Reached skill level 8 in Maces & Flails
   846 | D:2      | Reached XP level 5. HP: 35/45 MP: 4/4
   955 | D:2      | Found a sparkling altar of Nemelex Xobeh.
  1189 | D:3      | Noticed Natasha
  1196 | D:3      | Killed Natasha
  1196 | D:3      | Reached XP level 6. HP: 46/51 MP: 5/5
  1295 | D:3      | Noticed Natasha
  1296 | D:3      | Noticed Terence
  1309 | D:3      | Killed Terence
  1310 | D:3      | Killed Natasha
  1351 | D:3      | Found an ornate altar of the Wu Jian Council.
  1468 | D:3      | Found a basalt altar of Yredelemnul.
  1482 | D:3      | Reached skill level 9 in Maces & Flails
  1527 | D:3      | Noticed Natasha
  1530 | D:3      | Killed Natasha
  1871 | D:3      | Reached *** piety under Trog
  1871 | D:3      | Received a gift from Trog
  1927 | D:3      | Noticed Jessica
  1935 | D:3      | Killed Jessica
  1935 | D:3      | Reached XP level 7. HP: 44/57 MP: 6/6
  1979 | D:3      | Reached skill level 10 in Maces & Flails
  2208 | D:3      | Reached skill level 1 in Throwing
  2215 | D:3      | Reached skill level 4 in Fighting
  2229 | D:3      | Reached **** piety under Trog
  2328 | D:3      | Reached skill level 3 in Armour
  2493 | D:4      | Found a bloodstained altar of Trog.
  2613 | D:4      | Reached skill level 3 in Dodging
  2613 | D:4      | Reached XP level 8. HP: 52/67 MP: 7/7
  2638 | D:4      | Found a hazy altar of Hepliaklqana.
  2666 | D:4      | Noticed Edmund
  2673 | D:4      | Killed Edmund
  3183 | D:5      | Entered Level 5 of the Dungeon
  3228 | D:5      | Reached skill level 2 in Throwing
  3228 | D:5      | Reached skill level 1 in Evocations
  3270 | D:5      | Reached skill level 4 in Armour
  3404 | D:5      | Reached skill level 5 in Fighting
  3404 | D:5      | Reached skill level 11 in Maces & Flails
  3618 | D:5      | Found a blossoming altar of Fedhas.
  3635 | D:5      | Noticed an oklob plant
  3784 | D:6      | Found a staircase to the Ecumenical Temple.
  3871 | D:6      | Reached ***** piety under Trog
  3885 | D:6      | Noticed Pikel
  3909 | D:6      | Killed Pikel
  3909 | D:6      | Reached skill level 3 in Throwing
  3909 | D:6      | Reached skill level 4 in Dodging
  3909 | D:6      | Reached skill level 2 in Evocations
  3909 | D:6      | Reached XP level 9. HP: 64/74 MP: 9/9
  3913 | D:6      | Noticed Eustachio
  3945 | D:6      | Killed Eustachio
  3945 | D:6      | Reached skill level 5 in Armour
  3966 | D:6      | Found an ancient bone altar of Kikubaaqudgha.
  4158 | D:6      | Found a hide-covered altar of Uskayaw.
  4552 | D:7      | Reached skill level 6 in Fighting
  4552 | D:7      | Reached skill level 3 in Evocations
  4577 | D:7      | Reached skill level 5 in Dodging
  4579 | D:7      | Reached skill level 12 in Maces & Flails
  4644 | D:7      | Reached skill level 4 in Throwing
  4836 | D:7      | Reached skill level 6 in Armour
  5246 | D:8      | Noticed Maurice
  5427 | D:8      | Reached XP level 10. HP: 77/84 MP: 11/11
  5434 | D:8      | Received a gift from Trog
  5511 | D:8      | Found a staircase to the Lair.
  5521 | D:8      | Noticed a two-headed ogre
  5539 | D:8      | Killed a two-headed ogre
  5652 | D:8      | Reached skill level 7 in Fighting
  5865 | D:8      | Killed Maurice
  5865 | D:8      | Reached skill level 4 in Evocations
  5960 | D:8      | Received a gift from Trog
  5960 | D:8      | Reached skill level 6 in Dodging
  6087 | D:8      | Reached skill level 5 in Throwing
  6349 | D:9      | Noticed a centaur warrior
  6349 | D:9      | Noticed a manticore
  6350 | D:9      | Noticed a five-headed hydra
  6370 | D:9      | Killed a five-headed hydra
  6370 | D:9      | Reached skill level 13 in Maces & Flails
  6370 | D:9      | Reached skill level 7 in Armour
  6373 | D:9      | Killed a centaur warrior
  6378 | D:9      | Killed a manticore
  6380 | D:9      | Reached XP level 11. HP: 83/94 MP: 13/13
  6525 | D:9      | Reached skill level 8 in Fighting
  6819 | D:9      | Noticed Prince Ribbit
  6832 | D:9      | Killed Prince Ribbit
  6832 | D:9      | Reached skill level 5 in Evocations
  6883 | D:9      | Found a shadowy altar of Dithmenos.
  6918 | D:9      | Reached skill level 7 in Dodging
  6976 | D:9      | Noticed a two-headed ogre
  6983 | D:9      | Killed a two-headed ogre
  6983 | D:9      | Reached skill level 6 in Throwing
  7156 | D:9      | You fall through a shaft for 3 floors!
  7354 | D:11     | Killed an unseen horror
  7354 | D:11     | Reached skill level 8 in Armour
  7435 | D:11     | Noticed a purple ugly thing
  7448 | D:11     | Killed a purple ugly thing
  7448 | D:11     | Reached skill level 14 in Maces & Flails
  7583 | D:11     | Noticed Grum
  7843 | D:10     | Entered Level 10 of the Dungeon
  7866 | D:10     | HP: 4/95 [yak (8)]
  7866 | D:10     | Slain by a yak

Skill      XL: |  1  2  3  4  5  6  7  8  9 10 11 |
---------------+----------------------------------+-----
Maces & Flails | 4 5 6 8 9 10 11 12 13 14 | 14.0
Throwing       | 1 3 4 5 6 |  6.4
Fighting       | 4 5 6 7 8 |  8.7
Armour         | 3 4 6 7 8 |  8.2
Dodging        | 3 4 5 6 7 |  7.4
Evocations     | 2 3 4 5 |  5.5

Action                   |  1- 3 |  4- 6 |  7- 9 | 10-12 || total
-------------------------+-------+-------+-------+-------++-------
Melee: Mace              |    52 |     3 |       |       ||    55
       Headbutt          |     7 |    23 |    89 |    70 ||   189
       Flail             |       |    90 |   435 |   336 ||   861
Invok: Berserk           |     3 |     3 |     6 |     6 ||    18
Evoke: Wand              |       |       |       |     4 ||     4
  Eat: Chunk             |     1 |     8 |    16 |    13 ||    38
Armor: Ring mail         |    16 |    16 |       |       ||    32
       Chain mail        |       |     9 |    77 |       ||    86
       Scale mail        |       |     4 |       |       ||     4
       Plate armour      |       |       |   183 |   261 ||   444
Dodge: Dodged            |    39 |    45 |   167 |   187 ||   438
